[Event "MČR v rapid šachu družstev 2019"]
[Site "Teplice, Czech Republic"]
[Date "2019.09.15"]
[Round "4.23"]
[White "Marsalek, Zdenek"]
[Black "Srba, Stanislav"]
[Result "1-0"]
[TimeControl "15 min. + 5s"]
[WhiteElo "2278"]
[BlackElo "1835"]

1. d4 f5 2. g3 Nf6 3. Bg2 g6 4.
c3 Bg7 5. Nf3 O-O 6. O-O c6 7. Nbd2 Na6 8. a4 d6 9. Qb3+ e6 10. Ng5 Qe7 11. e4 h6 12. Nh3 fxe4 13. Nxe4 d5 14.
Nxf6+ Qxf6 15. Bf4 g5 16. Be5 Qg6 17. Rae1 Rf5 18. Bxg7 Kxg7 19. f4 b6 20. Re3 Bd7 21. Qd1 Nc7 22. Qe2 Raf8 23. Re5 Ne8 24. Kh1 Nd6 25.
b3 g4 26. Nf2 h5 27. c4 Nf7 28. Re3 h4 29. Qxg4 Qxg4 30. Nxg4 Rh8 31. Kg1 Rfh5 32. Bf3 R5h7 33. Rfe1 hxg3 34.
hxg3 Rh3 35. Bg2 R3h7 36. Ne5 Nxe5 37. Rxe5 Kf6 38. Kf2 Rg8 39. Rh1 Rxh1 40. Bxh1 Be8 41. Bg2 Bg6 42. Bh3 Re8 43. cxd5 cxd5 44. b4 Bc2 45.
a5 Ba4 46. f5 exf5 47. Rxf5+ Ke6 48. Rh5+ Kd6 49. Rh6+ Ke7 50. Rh7+ Kd6 51. Rxa7 Rf8+ 52. Kg1 bxa5 53. bxa5 Bb5 54. Rb7 1-0

[Event "MČR v rapid šachu družstev 2019"]
[Site "Teplice, Czech Republic"]
[Date "2019.09.15"]
[Round "4.25"]
[White "Novotny, Michal"]
[Black "Formanek, Martin"]
[Result "1-0"]
[TimeControl "15 min. + 5s"]
[WhiteElo "2311"]
[BlackElo "2185"]

1. d4 Nf6 2. Nf3 g6 3.
Nc3 d5 4. Bf4 Bg7 5. e3 O-O 6.
Be2 c5 7. Ne5 Nc6 8. O-O cxd4 9. exd4 Bf5 10. Nxc6 bxc6 11. Na4 Nd7 12. c3 e5 13. Be3 Re8 14. Re1 Qf6 15. Qd2 e4 16.
b4 a6 17. Nc5 Nxc5 18. bxc5 Ra7 19. Rab1 a5 20. Rb6 Bd7 21. Reb1 h5 22. Rb7 Rea8 23. Bg5 Qf5 24. Qf4 Qxf4 25.
Bxf4 Kf8 26. Bd6+ Ke8 27. Rxa7 1-0

[Event "MČR v rapid šachu družstev 2019"]
[Site "Teplice, Czech Republic"]
[Date "2019.09.15"]
[Round "4.26"]
[White "Kopta, Pavel"]
[Black "Rolinek, Dominik"]
[Result "1-0"]
[TimeControl "15 min. + 5s"]
[WhiteElo "2200"]
[BlackElo "1999"]

1. d4 d5 2. c4 e6 3. Nc3 Nf6 4. Bg5 c6 5. e3 Nbd7 6. cxd5 exd5 7. Bd3 Be7 8. Nge2 O-O 9.
Qc2 Re8 10. O-O Nf8 11. a3 Ng6 12. Ng3 Ng4 13. Bxe7 Qxe7 14. h3 Nf6 15. b4 Be6 16. Na4 Bc8 17. Rfc1 Ne4 18. Bxe4 dxe4 19.
Qc5 f5 20. Qxe7 Nxe7 21. Ne2 Nd5 22. Nec3 Nxc3 23. Rxc3 Rb8 24. Rac1 Be6 25. Nc5 Bd5 26. Nd7 Rbd8 27. Ne5 Kf8 28.
g3 Rxe5 29. dxe5 Ke7 30. g4 Ke6 31.
gxf5+ Kxf5 32. Kh2 Kxe5 33. Rg1 g6 34. Rg5+ Kf6 35. h4 h6 36. Rg1 g5 37. hxg5+ hxg5 38. Kg2 Rh8 39. a4 Ke5 40. Rcc1 Bb3 41. a5 Ba4 42. Rc5+ Kf6 43. Rh1 Rxh1 44. Kxh1 Bb5 45. Kg2 b6 46.
Rc1 Ke5 47. Kg3 Kf5 48. Rh1 bxa5 49. bxa5 c5 50. Rh7 a6 51. Rc7 c4 52. Rc5+ Kg6 53. Kg4 Bd7+ 54. Kg3 Bb5 55. f3 exf3 56. Kxf3 Kf6 57. e4 Kg6 58. Ke3 Kf6 59. Rxb5 1-0

[Event "MČR v rapid šachu družstev 2019"]
[Site "Teplice, Czech Republic"]
[Date "2019.09.15"]
[Round "4.27"]
[White "Hosnedl, Matyas"]
[Black "Chmel, Kristian"]
[Result "1-0"]
[TimeControl "15 min. + 5s"]
[WhiteElo "1858"]
[BlackElo "2129"]

1. e4 e5 2. Nf3 Nc6 3. Bb5 f5 4. Bxc6 bxc6 5. Nxe5 Qf6 6. d4 fxe4 7. Nc3 d5 8. O-O Ba6 9. Re1 Nh6 10.
f3 Bd6 11. fxe4 O-O 12. Be3 Qh4 13. exd5 Bxe5 14. dxe5 Ng4 15. h3 Nxe3 16. Qd2 Nxd5 17. Nxd5 cxd5 18. Qxd5+ Kh8 19. e6 Qf2+ 20. Kh1 Rab8 21. Rad1 Bb7 22. Qg5 h6 23. Qg6 Rf6 24. Qg4 Re8 25. e7 Kh7 26. Re2 Qf5 27. Qa4 Bc6 28.
Qxa7 Rg6 29. Qe3 Qg5 30. Qxg5 Rxg5 31. Re6 Bxg2+ 32. Kh2 Bd5 33. Re2 Bf3 34. Rd8 Bh5 35. Re3 Rf5 36. Kg3 Rb5 37. b3 Rb8 38. Red3 Rb5 39.
Rxe8 Bxe8 40. Rd8 Bg6 41.
e8=Q Bxe8 42. Rxe8 Kg6 43. Re4 Kf6 44. a4 Rd5 45. b4 g5 46. Rc4 h5 47. a5 h4+ 48. Kg4 Rd6 49. c3 Kg6 50.
Rc5 Rd3 51. Rc6+ Kf7 52. Rxc7+ Ke6 53. Kxg5 Rxh3 54. a6 Rh1 55. a7 Ra1 56. Kxh4 Kd6 57. Rc5 Rxa7 58. Kg4 Rf7 59. c4 Rf1 60. Rd5+ Kc7 61. b5 Rc1 62. Rc5+ Kb6 63. Rc6+ Kb7 64. Kf5 Re1 65. Re6 Rc1 66.
Re4 Kb6 67. Ke5 Rd1 68. Rd4 Re1+ 69. Kd6 Rh1 70. Rd3 Rh6 71. Kd5 Rh5+ 72. Kd4 Rh1 73. Kc3 Rc1+ 74. Kb4 Rb1+ 75. Rb3 Rc1 76. Rb2 Rh1 77. c5+ Kc7 78. Rg2 Rb1+ 79. Kc4 Rc1+ 80. Kd4 Rd1+ 81. Kc3 Rc1+ 82.
Rc2 Rh1 83. b6+ Kc6 84. Kb4 Rh4+ 85. Rc4 Rh1 86. Rc3 Rh4+ 87. Ka5 Rh1 88. Rc4 Ra1+ 89. Ra4 Rc1 90. Ka6 Rb1 91. Ka7 Rh1 92. b7 Rh7 93. Rb4 Kxc5 94.
Rb2 Kc6 95. Ka8 Rh1 96. Ra2 1-0

[Event "MČR v rapid šachu družstev 2019"]
[Site "Teplice, Czech Republic"]
[Date "2019.09.15"]
[Round "5.1"]
[White "Bernasek, Jan"]
[Black "Stocek, Jiri"]
[Result "0-1"]
[TimeControl "15 min. + 5s"]
[WhiteElo "2496"]
[BlackElo "2507"]

1. Nf3 Nf6 2. e3 b6 3. b3 g6 4. Bb2 Bg7 5. c4 Bb7 6. Be2 O-O 7. O-O d6 8. d4 Nbd7 9. Nc3 Ne4 10. Nxe4 Bxe4 11. Nd2 Bb7 12.
Qc2 e5 13. Bf3 Qc8 14. Bxb7 Qxb7 15. d5 b5 16. cxb5 Qxd5 17. a4 a6 18. bxa6 Rxa6 19. b4 Rc6 20. Qd1 Ra8 21. b5 Rb6 22.
Nb3 Qc4 23. Nd2 Qb4 24. Qc2 d5 25. Ba3 Qxa4 26. Qxc7 Qxb5 27. Be7 Rxa1 28. Rxa1 Bf8 29. Bxf8 Kxf8 30. h4 Ke7 31. Nf3 f6 32.
h5 Qc5 33. Qa7 Rb1+ 34. Kh2 Qxa7 35. Rxa7 Rb2 36. Kg3 g5 37. Nh2 Ke6 38. Ng4 f5 39. Nh6 f4+ 40. exf4 gxf4+ 41. Kf3 Rb6 42.
g4 fxg3 43. fxg3 Nf6 44. g4 Rb3+ 45. Kg2 Rb2+ 46. Kh3 Ne4 47. Ra6+ Kd7 48. Nf5 d4 49. Ra5 Ke6 50. Ra6+ Kd5 51. Ra5+ Nc5 52. Ne7+ Kc4 53. Nc6 e4 54.
g5 d3 55. g6 hxg6 56. hxg6 d2 57.
g7 d1=Q 58. g8=Q+ Kc3 59. Ra3+ Rb3 60. Rxb3+ Qxb3 61. Qxb3+ Nxb3 62. Kg3 e3 63. Ne5 Nd4 64. Kg2 Kc2 65. Kf1 Kd1 66. Nd3 e2 67. Kf2 Kd2 68. Ne1 Ne6 69. Nf3+ Kd1 70. Ne1 Nf4 71.
Nf3 Nd3+ 72. Ke3 Ne1 73. Ng1 Nc2+ 74. Kd4 0-1

[Event "MČR v rapid šachu družstev 2019"]
[Site "Teplice, Czech Republic"]
[Date "2019.09.15"]
[Round "5.2"]
[White "Kociscak, Jiri"]
[Black "Cernousek, Lukas"]
[Result "1-0"]
[TimeControl "15 min. + 5s"]
[WhiteElo "2410"]
[BlackElo "2478"]

1. d4 Nf6 2. c4 c5 3. d5 g6 4. Nc3 d6 5. e4 Bg7 6. h3 O-O 7. Nf3 e6 8. Bd3 Na6 9. O-O Nc7 10.
a4 e5 11. Ne1 Na6 12. f4 exf4 13. Bxf4 Nh5 14. Bh2 Bd4+ 15. Kh1 Be5 16. Nf3 Ng3+ 17. Bxg3 Bxg3 18. Ne2 Bh4 19. Nxh4 Qxh4 20. Rf4 Qh5 21. Nc3 Qe5 22. Qf3 Nb4 23. Rf1 f5 24. Bb1 g5 25. Rxf5 Bxf5 26.
exf5 Rae8 27. Ne4 Qxb2 28. f6 Kh8 29. Qh5 Re7 30. fxe7 Rxf1+ 31. Kh2 Qe5+ 32. Ng3 Qxe7 33. Nxf1 1-0

[Event "MČR v rapid šachu družstev 2019"]
[Site "Teplice, Czech Republic"]
[Date "2019.09.15"]
[Round "5.3"]
[White "Vrbata, Zbynek"]
[Black "Polak, Tomas"]
[Result "0-1"]
[TimeControl "15 min. + 5s"]
[WhiteElo "2376"]
[BlackElo "2515"]

1. d4 Nf6 2. c4 e6 3. Nf3 b6 4. g3 Ba6 5. Qa4 Bb7 6. Bg2 c5 7. dxc5 Bxc5 8. O-O O-O 9. Nc3 Be7 10. Rd1 Na6 11. Ne5 Nc5 12. Qc2 Bxg2 13. Kxg2 Qc7 14.
Nf3 Rfd8 15. Bf4 Qb7 16. Kg1 Rac8 17. Rac1 a6 18. b4 Nce4 19. Nxe4 Qxe4 20. Qb3 d5 21. cxd5 Nxd5 22. Rxc8 Rxc8 23.
Bd2 Qxe2 24. a3 h6 25. Nd4 Qe4 26. Be1 Bf6 27. Qd3 Qxd3 28. Rxd3 Rc1 29. Kf1 Ra1 30. Nc2 Rc1 31. Ne3 Nxe3+ 32. Rxe3 Bd4 33. Rd3 e5 34. Ke2 Kf8 35.
Bd2 Rc2 36. f4 f6 37. Kf3 Ke7 38. Ke4 Ke6 39. f5+ Kd6 40. g4 Kc6 41. h4 Rc4 42. Kf3 Kd5 43. Ke2 Ke4 44. Rg3 Rc2 45.
g5 hxg5 46. hxg5 Ra2 47. Kd1 Kxf5 48. g6 e4 49. Bh6 Be5 0-1

[Event "MČR v rapid šachu družstev 2019"]
[Site "Teplice, Czech Republic"]
[Date "2019.09.15"]
[Round "5.4"]
[White "Vymazal, Bronislav"]
[Black "Kuba, Jindrich"]
[Result "1-0"]
[TimeControl "15 min. + 5s"]
[WhiteElo "2347"]
[BlackElo "2229"]

1. e4 c5 2. Nf3 e6 3. d4 cxd4 4. Nxd4 a6 5. Bd3 Qc7 6.
Qe2 d6 7. O-O Nf6 8. Bg5 Be7 9. Nd2 Nc6 10. c3 O-O 11. f4 Re8 12. Rae1 e5 13. fxe5 Nxe5 14. Kh1 Bg4 15. Qe3 Nxd3 16.
Qxd3 Nd7 17. Bxe7 Rxe7 18. Qg3 Ne5 19. N2f3 Nxf3 20. gxf3 Bd7 21. Rg1 f6 22. Rd1 Rd8 23. Rd2 Bc8 24.
Ne2 f5 25. Nf4 Qc5 26. Rd5 Qc7 27. exf5 Rf8 28. Qg5 Re5 29. Rxe5 dxe5 30. Ne6 Bxe6 31. fxe6 Re8 32. Qf6 Rf8 33. Qg5 Re8 34. Qf5 Rf8 35.
Qg4 Re8 36. Rd1 Rd8 37. Rd7 Rxd7 38. exd7 Kf7 39. Qf5+ Ke7 40. Qxh7 Qd6 41. Qxg7+ Kd8 42. Qf7 Qd1+ 43. Kg2 Qd2+ 44. Kh3 Qh6+ 45. Kg4 Kc7 46. Qe8 Qf4+ 47. Kh5 Qxf3+ 48. Kg6 Qg4+ 49. Kf6 Qf4+ 50. Ke6 Qh6+ 1-0

[Event "MČR v rapid šachu družstev 2019"]
[Site "Teplice, Czech Republic"]
[Date "2019.09.15"]
[Round "5.5"]
[White "Vykouk, Jan"]
[Black "Liska, Jiri"]
[Result "1-0"]
[TimeControl "15 min. + 5s"]
[WhiteElo "2428"]
[BlackElo "2213"]

1. Nf3 Nf6 2. b3 c5 3. Bb2 Nc6 4. g3 g6 5. Bg2 Bg7 6. c4 O-O 7. O-O d6 8. d4 Ne4 9. Nbd2 Bf5 10.
e3 Qa5 11. Nb1 Bd7 12. Nh4 Ng5 13. f4 Ne6 14. Bc3 Nb4 15. a3 Qb6 16. axb4 cxd4 17. exd4 Nxd4 18. Kh1 Bc6 19. Nf3 Nxf3 20.
Bxf3 Bxc3 21. Nxc3 Qxb4 22. Nd5 1-0

[Event "MČR v rapid šachu družstev 2019"]
[Site "Teplice, Czech Republic"]
[Date "2019.09.15"]
[Round "5.6"]
[White "Vltavsky, Vladimir"]
[Black "Studnicka, Tomas"]
[Result "1/2-1/2"]
[TimeControl "15 min. + 5s"]
[WhiteElo "2146"]
[BlackElo "2379"]

1. e4 c5 2. Nf3 g6 3. c3 Bg7 4. d4 cxd4 5. cxd4 Nf6 6. Nc3 d5 7. e5 Ne4 8. h3 Qa5 9. Qb3 Nxc3 10.
Bd2 O-O 11. Bxc3 Qd8 12. Bd3 b6 13.
a4 Ba6 14. Bb5 Bb7 15. O-O Nc6 16. Rfe1 e6 17. Bd2 Na5 18. Bxa5 bxa5 19. Rac1 Qb6 20. Rc3 Rfc8 21. Rec1 Rxc3 22.
Rxc3 Bf8 23. Qc2 1/2-1/2

[Event "MČR v rapid šachu družstev 2019"]
[Site "Teplice, Czech Republic"]
[Date "2019.09.15"]
[Round "5.7"]
[White "Sodoma, Jan"]
[Black "Marsalek, Zdenek"]
[Result "1/2-1/2"]
[TimeControl "15 min. + 5s"]
[WhiteElo "2358"]
[BlackElo "2278"]

1. d4 d5 2. Nf3 Nf6 3. c4 c6 4. e3 Bf5 5. Nc3 e6 6. Nh4 Bg4 7. Qb3 Qb6 8. h3 Bh5 9. g4 Bg6 10. Nxg6 hxg6 11. Bg2 Nbd7 12.
Bd2 Be7 13. g5 Ng8 14. h4 dxc4 15. Qxc4 Bb4 16. a3 Bxc3 17. Bxc3 Ne7 18. e4 Qb5 19. Qxb5 cxb5 20. f4 Nb6 21.
Kf2 Rc8 22. Kg3 f5 23. gxf6 gxf6 24. d5 exd5 25. Bxf6 Rh7 26. Rae1 Rc6 27. Bxe7 Rxe7 28. exd5 Rd6 29. h5 gxh5 30.
Rxe7+ Kxe7 31. Rxh5 Nc4 32. Rh7+ Kf6 33. Rxb7 a6 34. a4 Nxb2 35. axb5 axb5 36. Rxb5 Na4 37. Kf2 Ra6 38. Ke3 Nb6 39.
Kd4 Ra4+ 40. Kc5 Nd7+ 41. Kd6 Nf8 42. Bh3 Rxf4 43. Rb8 Ng6 44. Be6 Ra4 45. Rb7 Ne5 46. Kc7 Rc4+ 47. Kd8 Ra4 48.
Rb6 Nc4 49. Rc6 Ne5 50. Rc1 Ra8+ 51. Kc7 Ra6 52. Rf1+ Ke7 53. Re1 Kf6 54. Bc8 Ra5 55. d6 Rc5+ 56. Kb7 Rd5 57. Rf1+ Kg7 58.
Kc7 Rc5+ 59. Kb8 Nc6+ 60. Kb7 Nd8+ 61. Kb8 Nc6+ 62. Ka8 1/2-1/2

[Event "MČR v rapid šachu družstev 2019"]
[Site "Teplice, Czech Republic"]
[Date "2019.09.15"]
[Round "5.8"]
[White "Duran, Tomas"]
[Black "Cech, Pavel"]
[Result "0-1"]
[TimeControl "15 min. + 5s"]
[WhiteElo "2135"]
[BlackElo "2394"]

1. e4 e6 2. d4 d5 3. e5 c5 4.
c3 Nc6 5. Nf3 Bd7 6. Be2 Nge7 7.
dxc5 Ng6 8. b4 a5 9. Bg5 Qb8 10. Bd2 Ngxe5 11. O-O Be7 12. a4 O-O 13. Na3 axb4 14. cxb4 Nxf3+ 15. Bxf3 Nd4 16.
a5 Bf6 17. Bc3 Nxf3+ 18. Qxf3 d4 19. Bb2 Bc6 20. Qg4 e5 21. Rad1 Qd8 22. Rfe1 Qd5 23. Qh3 Rad8 24. Rd3 g6 25.
b5 Bd7 26. Qf3 Bf5 27. Rdd1 e4 28. Qf4 Qxc5 29. g4 Be5 30. Qg5 Be6 31. f4 Bd6 32. Qxc5 Bxc5 33. Rxe4 Bxg4 34. Rd2 Bb4 35.
Rdxd4 Bc5 36. Kg2 Bxd4 37. Rxd4 Rxd4 38. Bxd4 Be2 39. Kf2 Re8 40. Be5 Bd3 41. Ke3 f6 42. Kxd3 fxe5 43. fxe5 Rxe5 44. Kd4 Re2 45. Nc4 Rxh2 46. Kc5 g5 47. Kb6 g4 48.
Kxb7 g3 49. Ne3 Re2 50. Ng2 Rxg2 0-1

[Event "MČR v rapid šachu družstev 2019"]
[Site "Teplice, Czech Republic"]
[Date "2019.09.15"]
[Round "5.9"]
[White "Jirovsky, Milos"]
[Black "Vojta, Tomas"]
[Result "1-0"]
[TimeControl "15 min. + 5s"]
[WhiteElo "2477"]
[BlackElo "2402"]

1. d4 d5 2. Bf4 c5 3. e3 Nc6 4.
c3 Nf6 5. Nd2 Bf5 6. Qb3 Qc8 7. Ngf3 e6 8. h3 h6 9. Be2 Be7 10. O-O c4 11. Qd1 O-O 12. a4 a6 13. a5 Qd8 14.
Qa4 Bd6 15. Bxd6 Qxd6 16. Rfc1 Rfb8 17. b3 cxb3 18. Nxb3 Ne4 19. Nfd2 Nxd2 20. Nxd2 e5 21. Bf3 Bd3 22. Qa3 Qe6 23.
c4 e4 24. cxd5 Qxd5 25. Qxd3 exf3 26. Rc5 Qd8 27. Nxf3 Rc8 28. Qb3 Qe7 29. Rac1 Rd8 30. d5 Na7 31. Rc7 Rd7 32. Qxb7 1-0

[Event "MČR v rapid šachu družstev 2019"]
[Site "Teplice, Czech Republic"]
[Date "2019.09.15"]
[Round "5.10"]
[White "Zeman, Matyas"]
[Black "Sokolov, Alexander"]
[Result "1/2-1/2"]
[TimeControl "15 min. + 5s"]
[WhiteElo "2247"]
[BlackElo "2384"]

1. e4 c5 2. Nf3 d6 3. Nc3 Nf6 4. e5 dxe5 5. Nxe5 Nbd7 6. Nc4 g6 7. g3 Nb6 8. Nxb6 Qxb6 9. Bg2 Bg4 10.
f3 Be6 11. d3 Bg7 12. Qe2 O-O 13.
Rb1 Nd5 14. Nxd5 Bxd5 15. b3 Qa5+ 16. Bd2 Qxa2 17. Rc1 Bb2 18. Rd1 Bd4 19. Bh6 Rfe8 20. h4 Qa5+ 21. Kf1 Rad8 22. h5 Rd6 23.
hxg6 fxg6 24. f4 Bxg2+ 25. Kxg2 Qc7 26. Rhf1 Qc6+ 27. Qe4 Re6 28. Qxc6 Rxc6 29. Rde1 Bf6 30. g4 Kf7 31. Bg5 a5 32. Bxf6 exf6 33. Rxe8 Kxe8 34.
Rh1 Rc7 35. Kf3 Re7 36. f5 b6 37. fxg6 hxg6 38. Rh8+ Kd7 39. Rf8 Re6 40. Kf4 Kc6 41. Rg8 f5 42. gxf5 gxf5 43. Rg2 Kb5 44.
c3 Re1 45. Kxf5 Rb1 46. d4 Rxb3 47. d5 Rxc3 48. Rd2 Rf3 49. Ke6 Rf8 50. Rb2+ Ka6 51. Ke7 Rh8 52. d6 a4 53. Kd7 b5 54. Kc6 Rc8 55. Kd7 Rb8 56. Kc6 c4 57. d7 Rd8 58. Rxb5 Rxd7 59. Rb6+ 1/2-1/2

[Event "MČR v rapid šachu družstev 2019"]
[Site "Teplice, Czech Republic"]
[Date "2019.09.15"]
[Round "5.11"]
[White "Dolezal, Radoslav"]
[Black "Svanda, Ondrej"]
[Result "1/2-1/2"]
[TimeControl "15 min. + 5s"]
[WhiteElo "2363"]
[BlackElo "1920"]

1. d4 Nf6 2. Bg5 c5 3.
Bxf6 exf6 4. d5 f5 5. c3 d6 6.
e3 g6 7.
a4 Bg7 8. Bb5+ Nd7 9. Nf3 O-O 10. Bxd7 Bxd7 11. O-O Qc7 12. Na3 a6 13. Nc2 b5 14. axb5 axb5 15. Qd2 Rfe8 16. h3 h6 17.
Rfb1 Rec8 18. Kh1 Qb7 19. Ng1 Rxa1 20. Rxa1 Ra8 21. Rb1 Ra2 22. Ne2 Ra8 23. b4 c4 24. Ne1 Ra3 25. Rc1 Qa8 26. Nf3 Ra2 27. Rc2 Rxc2 28.
Qxc2 Qxd5 29. Nfd4 Qa8 30. Qd2 Bc6 31.
f3 Be5 32. Kg1 Kg7 33. Kf2 h5 34. h4 Bf6 35. g3 Kg8 36. Qb2 Be5 37. Qd2 Bd7 38. Qb2 Qa4 39. Qd2 Qa1 40. Qc1 Qa2 41.
Qc2 Qa1 42. Qc1 Qxc1 43. Nxc1 Kg7 44. Nce2 Kf8 45. Nf4 Bxf4 46.
exf4 1/2-1/2

[Event "MČR v rapid šachu družstev 2019"]
[Site "Teplice, Czech Republic"]
[Date "2019.09.15"]
[Round "5.12"]
[White "Skacelik, Petr"]
[Black "Postupa, Pavel"]
[Result "1/2-1/2"]
[TimeControl "15 min. + 5s"]
[WhiteElo "2096"]
[BlackElo "2203"]

1. d4 Nf6 2. c4 g6 3. Nc3 d5 4. Bg5 Bg7 5. e3 O-O 6. Nf3 c6 7. Rc1 a6 8. c5 Bg4 9. Be2 Nbd7 10. O-O h6 11.
Bh4 g5 12. Bg3 Re8 13. Ne5 Bxe2 14. Qxe2 Ne4 15. Nxe4 dxe4 16. f4 Nxe5 17. fxe5 Qd5 18.
b3 Rf8 19. h4 f6 20. hxg5 hxg5 21. exf6 Rxf6 22. Rxf6 exf6 23. Qc4 Qxc4 24. Rxc4 f5 25. Rb4 Rd8 26. Bd6 Rd7 27. g3 Kf7 28.
Kf2 Ke6 29. Rc4 Bf6 30. Rc1 Rh7 31. Kg2 Bd8 32. Be5 Ba5 33. Rc2 Bc7 34. Bxc7 Rxc7 35. Rf2 Rh7 36. Rf1 Rh8 37.
Rf2 Rh7 38. Rf1 a5 39. a3 b6 40. cxb6 Rb7 41. Rc1 Rxb6 42. Rc3 Kd6 43. Kf2 Rb5 44.
Ke2 Kd5 45. Kd2 Kd6 46. Kc2 Rd5 47. Rc4 f4 48. exf4 gxf4 49. gxf4 Rf5 50. Rc5 Rxf4 51. Rxa5 Rf2+ 52. Kc3 e3 53. Re5 e2 54. b4 Rf3+ 55.
Kb2 Rd3 56. Rxe2 Rxd4 57. Kc3 Rh4 58. Re3 Kc7 59. a4 Kb6 60. Rd3 Rh1 61. Kc4 Rc1+ 62. Rc3 Rh1 63. a5+ Kb7 64. Rd3 Rh7 65.
Rd4 Rg7 66. Re4 Rh7 67. Kc5 Rh5+ 68.
Kd6 Rd5+ 69. Ke6 Rd1 70. Ke5 Rd5+ 71. Ke6 Rd2 72. Rc4 Rd1 73. Ke5 Re1+ 74. Kd4 Rd1+ 75. Kc3 Rc1+ 76. Kb3 Rb1+ 77. Ka2 Rh1 78. Rc5 Rh3 79. Kb2 Rg3 80. Rc3 Rg1 81. Kb3 Rb1+ 82. Kc4 Rg1 1/2-1/2

[Event "MČR v rapid šachu družstev 2019"]
[Site "Teplice, Czech Republic"]
[Date "2019.09.15"]
[Round "5.13"]
[White "Krejci, Jan"]
[Black "Kourousis, Epaminondas"]
[Result "0-1"]
[TimeControl "15 min. + 5s"]
[WhiteElo "2496"]
[BlackElo "2388"]

1. c4 Nf6 2. Nf3 e6 3. Nc3 Bb4 4. Qc2 d6 5. a3 Bxc3 6. Qxc3 e5 7. b4 O-O 8. Bb2 b6 9. e3 Bb7 10.
Be2 Nbd7 11. d3 Qe7 12. O-O h6 13. Rfd1 Rae8 14. a4 Nh7 15. a5 Ng5 16. Nxg5 Qxg5 17. Bf1 Bf3 18. Re1 Re6 19. g3 Nf6 20. axb6 axb6 21.
e4 Ng4 22. Bc1 Qh5 23. h3 f5 24. exf5 Rxf5 25. Ra2 Rg6 26. Be3 Nf6 27. c5 bxc5 28. bxc5 d5 29. Qb3 Kh7 30. Qb8 d4 31. Bc1 Bd5 32. Ra8 Bxa8 33.
Qxa8 e4 34. dxe4 Qf3 35. Qa2 Nxe4 36. Bg2 Qxf2+ 37. Qxf2 Nxf2 38. Rf1 Nxh3+ 39. Bxh3 Rxg3+ 40. Kh2 Rxh3+ 0-1

[Event "MČR v rapid šachu družstev 2019"]
[Site "Teplice, Czech Republic"]
[Date "2019.09.15"]
[Round "5.14"]
[White "Burdalev, Kirill"]
[Black "Sorm, Daniel"]
[Result "0-1"]
[TimeControl "15 min. + 5s"]
[WhiteElo "2336"]
[BlackElo "2313"]

1. d4 d5 2. Bf4 c5 3. e3 Nf6 4. Nf3 Nc6 5. Nbd2 Nh5 6. Be5 f6 7. Bg3 Nxg3 8. hxg3 e6 9. Bd3 f5 10.
Nh4 c4 11. Qh5+ Kd7 12. Be2 Ne7 13. Ndf3 Kc7 14. Ne5 Bd7 15. Nf7 Be8 16. Nxd8 Bxh5 17. Nxe6+ Kd6 18. Nxf8 Bxe2 19. Nxh7 Bh5 20.
Ng5 b5 21. Kd2 b4 22. Nhf3 Nc6 23. Rh4 Bg6 24. Rxh8 Rxh8 25. Nh4 Rh6 26. a3 b3 27. cxb3 Na5 28. Kc3 Nxb3 29. Rh1 Ke7 30.
Nxg6+ Rxg6 31. Nf3 Rb6 32. Ne5 Rb7 33. Ng6+ Kd6 34. Nf4 a5 35. Rh5 Na1 36. Rxf5 Rb3+ 37. Kd2 Rxb2+ 38. Kc1 c3 39. Rxd5+ Ke7 40. Nd3 Nb3+ 41.
Kd1 Rd2+ 42. Ke1 Rxd3 43. Re5+ Kf6 44. Ke2 Rd2+ 45. Ke1 c2 46. Rc5 Rd1+ 47. Ke2 c1=Q 0-1

[Event "MČR v rapid šachu družstev 2019"]
[Site "Teplice, Czech Republic"]
[Date "2019.09.15"]
[Round "5.15"]
[White "Strasil, Pavel"]
[Black "Pribyl, Josef"]
[Result "1-0"]
[TimeControl "15 min. + 5s"]
[WhiteElo "2097"]
[BlackElo "2285"]

1. Nf3 Nf6 2. c4 e6 3. d4 b6 4. g3 Bb7 5. Bg2 c5 6. O-O Be7 7. Nc3 cxd4 8. Nxd4 Bxg2 9. Kxg2 O-O 10. e4 Qc8 11. Qe2 Nc6 12. Be3 a6 13. Rac1 Nxd4 14. Bxd4 Qc6 15. f3 Rfc8 16. b3 b5 17. e5 Ne8 18. c5 f5 19. exf6 Bxf6 20. Bxf6 Nxf6 21. Ne4 Nxe4 22. fxe4 a5 23. a3 b4 24. a4 Rf8 25. Qe3 Rxf1 26. Rxf1 Rc8 27. Qf4 h6 28. Qf7+ Kh8 29. Rf4 Qxc5 30. Qxd7 Qc2+ 31. Kh3 Qc6 32. Rf8+ Qc7 1-0

[Event "MČR v rapid šachu družstev 2019"]
[Site "Teplice, Czech Republic"]
[Date "2019.09.15"]
[Round "5.16"]
[White "Benes, Petr"]
[Black "Krejci, Jan"]
[Result "0-1"]
[TimeControl "15 min. + 5s"]
[WhiteElo "2147"]
[BlackElo "2496"]

1. c4 c5 2. g3 g6 3. Bg2 Bg7 4. Nc3 Nc6 5. a3 e5 6. e3 d6 7. Nge2 Nge7 8. O-O O-O 9. Rb1 Bf5 10.
d3 Qd7 11. Re1 Bh3 12. Bh1 a5 13. Bd2 h5 14. Ne4 Bg4 15. f3 Bf5 16. N2c3 b6 17. Nb5 Nc8 18. Nf2 Rb8 19. Bc3 N8e7 20.
Qd2 d5 21. cxd5 Nxd5 22. Ne4 Nce7 23. Nbd6 Be6 24. Nc4 Nxc3 25. Qxc3 f5 26. Nf2 e4 27. Qc2 exd3 28. Nxd3 Nc6 29.
Rbd1 Qc7 30. Nf4 Bf7 31. Nd6 Kh7 32. Qa4 Bxb2 33. Nxf7 Rxf7 34. Ne6 b5 35. Qh4 Qe7 36. Ng5+ Kg8 37.
Nxf7 Qxf7 38. Rd6 Ne5 39. Red1 c4 40. Qg5 Kh7 41. Rf6 Nxf3+ 42. Bxf3 Bxf6 43. Qf4 Rc8 44. Bd5 Qe7 45. Rc1 Qxa3 46.
e4 Be5 47. Qf1 c3 48. Ra1 Qc5+ 49. Kg2 c2 50. exf5 Qxd5+ 51. Kh3 Qd7 52. Kg2 0-1

[Event "MČR v rapid šachu družstev 2019"]
[Site "Teplice, Czech Republic"]
[Date "2019.09.15"]
[Round "5.17"]
[White "Dvorak, Jan"]
[Black "Slampa, Jan"]
[Result "0-1"]
[TimeControl "15 min. + 5s"]
[WhiteElo "2211"]
[BlackElo "2166"]

1. c4 Nf6 2. Nc3 g6 3. g3 Bg7 4. Bg2 O-O 5. Nf3 d6 6. O-O c5 7. d4 Nc6 8. d5 Na5 9. Qd3 a6 10.
Nd2 Rb8 11. Rb1 Nd7 12. f4 b5 13. cxb5 axb5 14. b4 cxb4 15. Rxb4 Qb6+ 16. e3 Qc5 17. Rxb5 Qxc3 18. Qxc3 Bxc3 19. Rxb8 Nxb8 20. Ne4 Bg7 0-1

[Event "MČR v rapid šachu družstev 2019"]
[Site "Teplice, Czech Republic"]
[Date "2019.09.15"]
[Round "5.18"]
[White "Horak, Jiri"]
[Black "Kopta, Pavel"]
[Result "1-0"]
[TimeControl "15 min. + 5s"]
[WhiteElo "2151"]
[BlackElo "2200"]

1. e4 c5 2. c3 d6 3. d4 Nf6 4. Bd3 Nbd7 5. Nf3 e5 6. O-O Be7 7. Nbd2 O-O 8. b3 Qc7 9. Bb2 Re8 10.
Re1 Nf8 11. Rc1 Ng6 12. g3 h6 13. Nf1 Bh3 14. Ne3 Bf8 15. dxe5 dxe5 16. c4 Rad8 17.
Nd5 Nxd5 18. cxd5 Qd7 19. Nd2 f5 20. Qh5 fxe4 21. Nxe4 Nh8 22. Nxc5 Bxc5 23. Rxc5 Bg4 24. Qh4 e4 25.
Rxe4 Bf3 26. Re5 Qd6 27. Qf4 Qxc5 28. Qxf3 Rxe5 29. Bxe5 Nf7 30. Bf4 Qxd5 31. Qxd5 Rxd5 32. Bc4 Rd7 33. a4 Kf8 34. h4 Ke7 35.
Kg2 Nd6 36. Bd3 Kf6 37. Be3 b6 38. g4 Nb7 39. Bb5 Rd5 40. Bc6 Rd3 41. Bxb7 Rxb3 42. Bc6 Ke5 43. Kf3 g5 44. hxg5 hxg5 45. Ke2 Rb2+ 46. Kd3 Rb4 47. Bxg5 Rxg4 48. Be3 Rh4 49.
f4+ Kd6 50. Bb5 Rh1 51. Ke4 Re1 52. f5 Ke7 53. Kf4 Rd1 54. Ke5 Re1 55. Ke4 Kf6 56. Bd7 Re2 57. Kd3 Ra2 58. Bd4+ Ke7 59.
Bb5 a6 60. f6+ Kf8 61. Bxa6 Rxa4 62. Bc4 Rb4 63. Kc3 Rb1 64. Be5 Rd1 65. Kb4 Rd2 66. Kb5 Rf2 67. Kxb6 Rf5 68. Bc3 Rf3 69.
Bb4+ Ke8 70. Be7 Re3 71.
Bc5 Rf3 72. Bd4 Rf4 73. Kc5 Kd7 74.
Be5 Rf2 75. Kd5 Rf5 76. Bb5+ Kd8 77. Ke6 Rf2 78. f7 Rf3 79. Bf6+ Ke8 1-0

[Event "MČR v rapid šachu družstev 2019"]
[Site "Teplice, Czech Republic"]
[Date "2019.09.15"]
[Round "5.19"]
[White "Chmel, Kristian"]
[Black "Nudcenko, Karel"]
[Result "0-1"]
[TimeControl "15 min. + 5s"]
[WhiteElo "2129"]
[BlackElo "2110"]

1. e4 e6 2. d4 d5 3. Nd2 c5 4. exd5 exd5 5. Ngf3 Nf6 6. Bb5+ Bd7 7. Bxd7+ Nbxd7 8. O-O Be7 9. dxc5 Nxc5 10.
Nd4 O-O 11. Nf5 Re8 12. Nxe7+ Qxe7 13. Nb3 Nxb3 14. axb3 h6 15. Be3 a6 16. Bd4 Rac8 17. c3 Ne4 18. Re1 Qg5 19. Be3 Qf5 20.
Ra5 Nf6 21. h3 Re6 22. b4 Rd8 23. b5 Ne4 24. bxa6 bxa6 25. c4 Red6 26. Qd3 dxc4 27. Qxd6 Nxd6 28. Rxf5 Nxf5 29. Bc5 Rd2 30.
Ba3 Nd4 31. Re4 c3 32. bxc3 Ne2+ 33. Kh2 Nxc3 34. Re8+ Kh7 35. Ra8 Nb5 36. Bc5 Ra2 37. Bb6 Nc3 38. Ra7 Kg6 39. f3 Nd5 40.
Bd4 Nf4 41. Kg3 Ne2+ 42. Kf2 Nxd4+ 43. Ke3 Ne6 44. g4 Ra3+ 45. Ke4 Ng5+ 46. Kd5 Nxf3 47. Rb7 Ng5 48. h4 Ne6 49. Ke5 Ra5+ 50.
Ke4 Ra4+ 51. Ke5 Ra5+ 52. Kd6 Kf6 53. Kd7 Rd5+ 54. Kc6 Rd4 55. Rb8 Rxg4 56. Ra8 Rxh4 57. Rxa6 Rd4 58. Ra1 g5 0-1